 Dungeon Crawl Stone Soup version 0.17.1-1-g73c8601 (console) character file.

180340 Kloppie the Warrior (level 17, -21/170 HPs)
             Began as a Minotaur Fighter on Dec 18, 2015.
             Was the Champion of the Shining One.
             Demolished by Kloppie's illusion (34 damage)
             ... woven by Mara
             ... on level 3 of the Elven Halls.
             The game lasted 01:08:12 (35348 turns).

Kloppie the Warrior (Minotaur Fighter)             Turns: 35348, Time: 01:08:12

Health: -21/170    AC: 29    Str: 39    XL:     17   Next: 64%
Magic:  0/43       EV: 15    Int: 10    God:    the Shining One [******]
Gold:   2905       SH:  0    Dex: 15    Spells: 0 memorised, 16 levels left

rFire  + + +     SeeInvis .     a - +4 great sword {freeze, +Inv Str+3 Int+2}
rCold  . . .     Clarity  .     V - +3 chain mail {rF+}
rNeg   + + +     SustAt   .     (shield currently unavailable)
rPois  +         Gourm    .     (helmet restricted)
rElec  .         Spirit   +     r - +1 cloak {rPois}
rCorr  .         Warding  .     U - +2 pair of gloves of Noughts and Crosses {-Cast MR+ MP+9 Int+3}
rMut   .         Stasis   .     (no boots)
MR     +++..     NoCast   +     u - amulet of guardian spirit
Stlth  ..........               N - +6 ring of protection
                                J - ring "Xutrousm" {rF++ MP+9 Str+5 Dex+3 Stlth+}

@: mighty, very slightly contaminated, hasted, glowing, very quick, extremely
resistant to hostile enchantments, extremely unstealthy
A: retaliatory headbutt, horns 2, magic resistance 1, spit poison 1
a: Spit Poison, Divine Shield, Cleansing Flame, Summon Divine Warrior, Brand
Weapon With Holy Wrath, Renounce Religion, Evoke Invisibility


You were on level 3 of the Elven Halls.
You worshipped the Shining One.
The Shining One was exalted by your worship.
You were hungry.

You visited 6 branches of the dungeon, and saw 34 of its levels.
You also visited: Ossuary, Ice Cave and Volcano.

You collected 3535 gold pieces.
You spent 630 gold pieces at shops.

Inventory:

Hand Weapons
 a - the +4 great sword of Slime (weapon) {freeze, +Inv Str+3 Int+2}
   (You found it in an ice cave)

   It has been specially enchanted to freeze those struck by it, causing extra
   injury to most foes and up to half again as much damage against particularly
   susceptible opponents.
   It can also slow down cold-blooded creatures.
   It affects your strength (+3).
   It affects your intelligence (+2).
   It lets you turn invisible.
 b - a +1 great sword of flaming
 R - a +0 great sword of holy wrath
Armour
 r - a +1 cloak of poison resistance (worn)
 U - the +2 pair of gloves of Noughts and Crosses (worn) {-Cast MR+ MP+9 Int+3}
   (You found it on level 15 of the Dungeon)

   It affects your intelligence (+3).
   It affects your resistance to hostile enchantments.
   It affects your magic capacity (+9).
   It prevents spellcasting.
 V - a +3 chain mail of fire resistance (worn)
Jewellery
 i - an uncursed ring of teleportation
 j - an uncursed ring of protection from magic
 u - an amulet of guardian spirit (around neck)
 w - an uncursed amulet of rage
 y - an uncursed amulet of resist mutation
 B - a +3 ring of slaying
 J - the ring "Xutrousm" (left hand) {rF++ MP+9 Str+5 Dex+3 Stlth+}
   (You found it on level 10 of the Dungeon)

   [ring of strength]

   It affects your strength (+5).
   It affects your dexterity (+3).
   It greatly protects you from fire.
   It affects your magic capacity (+9).
   It makes you more stealthy.
 N - a +6 ring of protection (right hand)
 Z - an uncursed ring of sustain attributes
Wands
 H - a wand of digging (12)
 L - a wand of disintegration (14)
 Q - a wand of disintegration (14)
Scrolls
 f - 14 scrolls of identify
 n - 10 scrolls of enchant armour
 o - 5 scrolls of enchant weapon
 p - 6 scrolls of noise
 t - a scroll of brand weapon
 x - 17 scrolls of remove curse
 z - 6 scrolls of teleportation
 G - 9 scrolls of immolation
 O - 4 scrolls of silence
 P - 3 scrolls of recharging
 X - a scroll of blinking
Potions
 d - 2 potions of might
 h - 10 potions of curing
 m - 3 potions of haste
 A - a potion of berserk rage
 C - 4 potions of lignification
 E - 7 potions of cancellation
 I - 4 potions of brilliance
 K - a potion of mutation
 M - 3 potions of flight
 S - a potion of cure mutation
 T - 2 potions of resistance
 Y - a potion of ambrosia
Miscellaneous
 l - a fan of gales
 q - a stone of tremors
 v - a box of beasts
 W - a lamp of fire
Comestibles
 c - 2 chunks of flesh
 e - 13 bread rations
 k - 14 meat rations


   Skills:
 - Level 20.0 Fighting
 - Level 19.1 Long Blades
 - Level 15.9 Armour
 - Level 9.3 Dodging
   Level 3.6 Shields
 - Level 12.0 Invocations
 + Level 7.7 Evocations


You had 16 spell levels left.
You didn't know any spells.

Dungeon Overview and Level Annotations

Branches:
Dungeon (15/15)            Temple (1/1) D:6            Lair (8/8) D:11
 Shoals (0/4) Lair:4       Spider (3/4) Lair:3        Slime (0/6) Lair:8
    Orc (4/4) D:11            Elf (3/3) Orc:4        Vaults (0/5) D:13
 Depths (0/5) D:15

Altars:
Ashenzari
Cheibriados
Dithmenos
Elyvilon
Fedhas
Gozag
Kikubaaqudgha
Makhleb
Nemelex Xobeh
Okawaru
Qazlal
Ru
Sif Muna
Trog
Vehumet
Xom
Yredelemnul
Zin
The Shining One
Beogh

Shops:
Orc:2 (   Orc:3 :   Orc:4 *!*}   Elf:2 ?

Annotations:
D:9 exclusion: oklob plant
D:14 exclusion: Roxanne, Roxanne
Elf:3 Mara


Innate Abilities, Weirdness & Mutations

You reflexively headbutt those who attack you in melee.
You have a pair of horns on your head.
You are resistant to hostile enchantments.
You can spit weak poison.


Message History

The bolt of fire hits you! You resist.
* * * LOW HITPOINT WARNING * * *
Kloppie's illusion hits you but does no damage.
Mara hits you but does no damage. Mara completely misses you.
Mara hits you but does no damage.
There is an open door here.
You open the door. Kloppie's illusion hits you!!!
* * * LOW HITPOINT WARNING * * *
Kloppie's illusion freezes you!
* * * LOW HITPOINT WARNING * * *
You slash Kloppie's illusion! You freeze Kloppie's illusion.
Your headbutt misses Kloppie's illusion.
Kloppie's illusion is lightly wounded.
Kloppie's illusion closely misses you. You furiously retaliate!
You headbutt Kloppie's illusion, but do no damage.
You hit Kloppie's illusion but do no damage.
Kloppie's illusion is lightly wounded.
Drink which item? (? for menu, Esc to quit)
You feel better. Kloppie's illusion hits you!!
You die...

##,** **,** ##.## *#.#* **,**
##.## ***.########*,** ### ##.##
,*,###.....#+** #.# ##.##
,,*##.......## ##.###.## #
,,*#.........## #...#.## ##
,,*...........# ##...'## ##.
≈,*..........R#####.....#######..
≈,+..........RR@@'.......'....'.P
≈,*...........####.......######..
≈,*...........# *#.......#* ##.
≈,*#.........## #.........# **+#
,,,##.......'## #.........# **,*#
,,,###.....##.#######+#####**,**
,,,.####+#####.## ###+### **,**##
,,,#.#**,######.###.....##*,** #.
,,,##,*#+#..# ##'#.......#+**###.


You could see 3 Maras and Kloppie's illusion.

Vanquished Creatures
  Nikola (Elf:1)
  The ghost of Dickchan the Shatterer, an adept OgBe of Trog (Spider:2)
  A fire giant (D:15)
  Maud (Lair:4)
  2 emperor scorpions
  A frost giant (IceCv)
  Aizul (Elf:3)
  2 deep elf sorcerers
  Nessos (D:12)
  A red draconian (Volcano)
  Azrael (D:14)
  A deep elf annihilator (Elf:1)
  Snorg (D:13)
  A deep elf death mage (Elf:2)
  5 ogre magi
  Josephine (Lair:4)
  An entropy weaver (Spider:3)
  The ghost of grizfap the Nimble, a journeyman DrBe of Trog (Orc:1)
  5 hydras
  3 centaur warriors
  A catoblepas (D:13)
  5 death yaks
  15 dancing weapons (Elf:2)
  A tengu warrior (D:14)
  2 small abominations (Elf:2)
  Sonja (Lair:1)
  19 deep elf knights
  An unseen horror (D:15)
  10 deep elf summoners
  An anubis guard (shapeshifter) (Elf:2)
  6 hill giants
  Pikel (D:7)
  An orc knight (Orc:3)
  A hornet (Spider:3)
  A manticore (D:13)
  7 orb spiders
  11 wolf spiders
  5 cyclopes
  16 deep elf conjurers
  A necromancer (D:13)
  A griffon (Lair:8)
  9 ugly things
  A wizard (D:13)
  7 elephants
  13 spiny frogs
  An ice statue (IceCv)
  An efreet (D:15)
  Psyche (D:9)
  2 gargoyles
  3 torpor snails
  3 black mambas
  2 sirens (Lair:4)
  A kobold demonologist (D:11)
  17 komodo dragons
  A redback zombie (D:15)
  9 demonic crawlers
  13 deep elf priests
  2 spriggan druids (Lair:8)
  2 fire drakes
  20 polar bears
  A freezing wraith (D:15)
  15 jumping spiders
  2 merfolk (Lair:4)
  Grinder (D:3)
  A raiju (shapeshifter) (D:14)
  3 trolls
  3 boulder beetles
  19 two-headed ogres
  16 blink frogs
  34 redbacks
  8 trapdoor spiders
  A centaur simulacrum (D:15)
  13 tarantellas
  Sigmund (D:2)
  A vampire (D:13)
  2 shadows (D:13)
  39 deep elf magi
  12 spriggans (Lair:8)
  8 wraiths
  2 fire elementals (D:14)
  6 wargs
  30 deep elf fighters
  55 yaks
  A hog (shapeshifter) (D:13)
  6 basilisks
  9 hippogriffs
  37 wolves
  A hungry ghost (D:15)
  2 hell hounds (D:14)
  11 porcupines
  11 orc warriors
  Duvessa (D:5)
  An ice beast (shapeshifter) (Elf:1)
  2 sky beasts
  17 water moccasins
  3 wasps (Lair:8)
  3 necrophages
  24 spiders
  7 ice beasts
  15 black bears
  38 ogres
  3 phantoms
  13 centaurs
  23 crocodiles
  3 big kobolds
  16 giant frogs
  A wyvern zombie (D:15)
  A brain worm (D:13)
  Dowan (D:5)
  3 scorpions
  4 wights (D:9)
  A quasit (D:11)
  3 centaur zombies
  2 electric eels (Elf:3)
  A giant frog zombie (D:5)
  10 crimson imps
  8 jellies
  21 orc priests
  5 hounds
  4 centaur skeletons
  18 orc wizards
  6 giant frog skeletons
  8 worker ants
  10 hell rats (Lair:6)
  9 iguanas
  27 sheep
  3 big kobold zombies (Ossuary)
  2 mummies (Ossuary)
  A hound skeleton (D:10)
  Robin (D:2)
  82 river rats
  5 shadow imps
  23 adders
  12 white imps (Orc:3)
  8 oozes
  An adder zombie (D:5)
  4 worms
  An adder skeleton (D:6)
  5 giant geckos
  161 orcs
  5 giant cockroaches
  9 hobgoblins
  3 quokkas
  7 bats
  3 giant newts
  5 gnoll zombies (Ossuary)
  14 goblins
  A goblin zombie (D:8)
  5 hobgoblin zombies (Ossuary)
  21 kobolds
  A quokka zombie (D:8)
  20 rats
  3 fungi (Lair:8)
  A plant (Lair:7)
1317 creatures vanquished.

Vanquished Creatures (others)
  An orc wizard (D:5)
  A bush (Elf:3)
  20 fungi
  2 plants (Lair:7)
24 creatures vanquished.

Grand Total: 1341 creatures vanquished

Notes
Turn   | Place    | Note
--------------------------------------------------------------
     0 | D:1      | Kloppie the Minotaur Fighter began the quest for the Orb.
     0 | D:1      | Reached XP level 1. HP: 19/19 MP: 0/0
    79 | D:1      | Reached skill level 4 in Fighting
   106 | D:1      | Reached XP level 2. HP: 25/27 MP: 1/1
  1082 | D:2      | Reached XP level 3. HP: 32/34 MP: 2/2
  1261 | D:2      | Noticed Robin
  1290 | D:2      | Killed Robin
  1706 | D:2      | Noticed Sigmund
  1819 | D:3      | Reached skill level 5 in Fighting
  1875 | D:3      | Reached XP level 4. HP: 38/42 MP: 3/3
  1880 | D:3      | Noticed Grinder
  1898 | D:4      | Noticed an ogre
  1905 | D:4      | Killed an ogre
  1905 | D:4      | Reached XP level 5. HP: 10/50 MP: 4/4
  2053 | D:4      | Reached skill level 5 in Long Blades
  2225 | D:4      | Reached skill level 6 in Fighting
  2300 | D:4      | Noticed an ogre
  2308 | D:4      | Killed an ogre
  2308 | D:4      | Reached XP level 6. HP: 3/58 MP: 5/5
  2639 | D:4      | Noticed an ogre
  2659 | D:4      | Killed an ogre
  2737 | D:4      | Reached skill level 7 in Fighting
  2938 | D:4      | Noticed a phantom
  2956 | D:4      | Killed a phantom
  2956 | D:4      | Reached XP level 7. HP: 51/66 MP: 6/6
  3291 | D:5      | Entered Level 5 of the Dungeon
  3312 | D:5      | Reached skill level 8 in Fighting
  3683 | D:5      | Reached XP level 8. HP: 63/77 MP: 5/7
  3692 | D:5      | Noticed Dowan
  3694 | D:5      | Noticed Duvessa
  3713 | D:5      | Killed Duvessa
  3713 | D:5      | Reached skill level 9 in Fighting
  3738 | D:5      | Killed Dowan
  4019 | D:5      | Found an opulent altar of Gozag.
  4086 | D:5      | Reached skill level 10 in Fighting
  4525 | D:3      | Killed Grinder
  4525 | D:3      | Reached skill level 10 in Long Blades
  4928 | D:2      | Killed Sigmund
  4928 | D:2      | Reached XP level 9. HP: 71/86 MP: 6/8
  5260 | D:6      | Found a staircase to the Ecumenical Temple.
  5268 | Temple   | Entered the Ecumenical Temple
  5394 | Temple   | Became a worshipper of the Shining One
  6108 | D:7      | Noticed Pikel
  6123 | D:7      | Killed Pikel
  6123 | D:7      | Reached skill level 11 in Long Blades
  6123 | D:7      | Reached skill level 5 in Armour
  6381 | D:7      | Reached * piety under the Shining One
  6844 | D:8      | Found a sand-covered staircase.
  6883 | Ossuary  | Entered an ossuary
  6893 | Ossuary  | Reached ** piety under the Shining One
  7415 | D:8      | Reached skill level 12 in Long Blades
  7419 | D:8      | Reached XP level 10. HP: 84/94 MP: 7/9
  7454 | D:9      | Found an opulent altar of Gozag.
  7454 | D:9      | Noticed an oklob plant
  7579 | D:9      | Reached *** piety under the Shining One
  7897 | D:9      | Reached skill level 13 in Long Blades
  8197 | D:10     | Entered Level 10 of the Dungeon
  8263 | D:10     | Noticed Psyche
  8286 | D:9      | Killed Psyche
  8286 | D:9      | Reached skill level 10 in Armour
  8496 | D:10     | Got a coiled jade ring
  8497 | D:10     | Identified the ring "Xutrousm" {rF++ MP+9 Str+5 Dex+3 Stlth+} (You found it on level 10 of the Dungeon)
  8726 | D:10     | Noticed a cyclops
  8732 | D:10     | Killed a cyclops
  9399 | D:11     | Reached **** piety under the Shining One
  9454 | D:11     | Found a staircase to the Lair.
  9458 | D:11     | Reached XP level 11. HP: 96/101 MP: 10/10
  9570 | D:11     | Found a shimmering altar of Xom.
  9593 | D:11     | Noticed an ice devil
  9595 | D:11     | Reached skill level 14 in Long Blades
  9640 | D:11     | Noticed an eight-headed hydra
  9652 | D:11     | Killed a five-headed hydra
  9691 | D:11     | Found a roughly hewn altar of Beogh.
  9691 | D:11     | Found a staircase to the Orcish Mines.
  9928 | D:11     | Noticed a hill giant
  9935 | D:11     | Killed a hill giant
 10252 | Lair:1   | Entered Level 1 of the Lair of Beasts
 10296 | Lair:1   | Reached skill level 1 in Invocations
 10515 | Lair:1   | Noticed Sonja
 10518 | Lair:1   | Killed Sonja
 10611 | Lair:1   | Reached ***** piety under the Shining One
 11336 | Lair:2   | Reached skill level 5 in Invocations
 11395 | Lair:2   | Reached XP level 12. HP: 93/108 MP: 14/14
 11958 | Lair:3   | Found a hole to the Spider Nest.
 12069 | Lair:3   | Noticed a four-headed hydra
 12081 | Lair:3   | Killed a one-headed hydra
 12820 | Lair:4   | Found a staircase to the Shoals.
 13422 | Lair:4   | Identified a scroll of acquirement
 13429 | Lair:5   | Noticed Josephine
 13429 | Lair:5   | Noticed Maud
 13491 | Lair:4   | Reached skill level 15 in Armour
 13653 | Lair:4   | Killed Maud
 13656 | Lair:4   | Killed Josephine
 13674 | Lair:5   | Reached XP level 13. HP: 94/123 MP: 15/15
 13910 | Lair:5   | Found a dark tunnel.
 13919 | Volcano  | Entered a volcano
 13966 | Volcano  | Noticed a red draconian
 13985 | Volcano  | Killed a red draconian
 14733 | Lair:5   | Reached skill level 15 in Long Blades
 16103 | Lair:7   | Reached skill level 16 in Long Blades
 16115 | Lair:7   | Reached skill level 15 in Fighting
 17137 | Lair:7   | Reached ****** piety under the Shining One
 17436 | Orc:1    | Entered Level 1 of the Orcish Mines
 17450 | Orc:1    | Reached XP level 14. HP: 133/135 MP: 16/16
 17651 | Orc:1    | Noticed grizfap's ghost (journeyman DrBe)
 17665 | Orc:1    | Killed grizfap's ghost
 17665 | Orc:1    | Reached skill level 17 in Long Blades
 17953 | Orc:2    | Found Ruheoph's Weapon Shop.
 18429 | Orc:3    | You fall through a shaft!
 18429 | Orc:4    | Entered Level 4 of the Orcish Mines
 18539 | Orc:3    | Found a frozen archway.
 18563 | IceCv    | Entered an ice cave
 18991 | IceCv    | Noticed a frost giant
 19014 | IceCv    | Killed a frost giant
 19288 | IceCv    | Got a scorched great sword
 19310 | IceCv    | Identified the +4 great sword of Slime {freeze, +Inv Str+3 Int+2} (You found it in an ice cave)
 19911 | Orc:3    | Found Begiczer's Book Shop.
 20126 | Orc:4    | Found a staircase to the Elven Halls.
 20186 | Orc:4    | Found Duetoej's Assorted Antiques.
 20186 | Orc:4    | Found Kosowikh's Distillery.
 20187 | Orc:4    | Found Gyipibla's General Store.
 20187 | Orc:4    | Found Genk's Gadget Shop.
 20234 | Orc:4    | Paralysed by an ogre mage for 6 turns
 20239 | Orc:4    | The Shining One protects you from harm!
 20247 | Orc:3    | Reached skill level 18 in Long Blades
 21325 | Orc:4    | Bought a potion of heal wounds for 70 gold pieces
 21325 | Orc:4    | Bought a potion of heal wounds for 70 gold pieces
 21470 | Orc:4    | Bought a potion of beneficial mutation for 490 gold pieces
 21470 | Orc:4    | Gained mutation: You can spit weak poison. [potion of beneficial mutation]
 21471 | Orc:4    | Gained mutation: You are resistant to hostile enchantments. [potion of beneficial mutation]
 21790 | Lair:8   | Entered Level 8 of the Lair of Beasts
 21989 | Lair:8   | Found a staircase to the Slime Pits.
 22216 | Lair:8   | Reached skill level 19 in Long Blades
 22557 | Lair:8   | Reached XP level 15. HP: 134/147 MP: 17/17
 23700 | Spider:1 | Entered Level 1 of the Spider Nest
 25378 | Spider:2 | Noticed Dickchan's ghost (adept OgBe)
 25391 | Spider:2 | Killed Dickchan's ghost
 25391 | Spider:2 | Reached skill level 1 in Dodging
 27386 | Spider:3 | Reached skill level 5 in Dodging
 28510 | D:12     | Noticed Nessos
 28548 | D:12     | Killed Nessos
 29534 | D:13     | Reached XP level 16. HP: 156/161 MP: 18/18
 29699 | D:13     | Found a gate to the Vaults.
 29930 | D:13     | Noticed Snorg
 29935 | D:13     | Killed Snorg
 30370 | D:14     | Noticed Roxanne
 30398 | D:14     | Noticed Azrael
 30417 | D:14     | Killed Azrael
 30981 | D:15     | Entered Level 15 of the Dungeon
 31033 | D:15     | Reached skill level 20 in Fighting
 31112 | D:15     | Found a staircase to the Depths.
 31274 | D:15     | Got a pair of polished gloves
 31275 | D:15     | Identified the +2 pair of gloves of Noughts and Crosses {-Cast MR+ MP+9 Int+3} (You found it on level 15 of the Dungeon)
 31880 | Elf:1    | Entered Level 1 of the Elven Halls
 32594 | Elf:1    | Reached skill level 10 in Invocations
 32697 | Elf:1    | Noticed Nikola
 32716 | Elf:1    | Killed Nikola
 33005 | Elf:2    | Reached XP level 17. HP: 118/170 MP: 24/24
 33477 | Elf:2    | Found Hatsif's Magic Scroll Shoppe.
 33577 | Elf:2    | Reached skill level 1 in Evocations
 33678 | Elf:2    | Found a runed gate.
 33679 | Elf:2    | Found a runed gate.
 33680 | Elf:2    | Found a runed gate.
 34201 | Elf:2    | Reached skill level 5 in Evocations
 34717 | Elf:3    | Entered Level 3 of the Elven Halls
 34991 | Elf:3    | Noticed Aizul
 35010 | Elf:3    | Killed Aizul
 35279 | Elf:3    | Noticed Mara
 35297 | Elf:3    | Noticed Kloppie's illusion
 35335 | Elf:3    | Noticed Kloppie's illusion
 35336 | Elf:3    | The Shining One protects you from harm!
 35345 | Elf:3    | HP: 3/170 [Kloppie's illusion[Mara] (7)]
 35348 | Elf:3    | Demolished by Kloppie's illusion

Action                   |  1- 3 |  4- 6 |  7- 9 | 10-12 | 13-15 | 16-18 || total
-------------------------+-------+-------+-------+-------+-------+-------++-------
Melee: Long sword        |    99 |    65 |   371 |   497 |       |       ||  1032
       Unarmed           |     3 |       |       |       |       |     9 ||    12
       Scimitar          |       |       |       |    55 |    63 |       ||   118
       Great sword       |       |       |       |       |  1162 |   678 ||  1840
Invok: Divine Shield     |       |       |       |       |     1 |     1 ||     2
Evoke: Wand              |       |     1 |       |       |     1 |       ||     2
       Lamp of fire      |       |       |       |       |     1 |       ||     1
  Use: Potion            |     1 |       |       |     4 |    11 |     6 ||    22
       Scroll            |       |       |    14 |    12 |    10 |     5 ||    41
 Stab: Distracted        |       |       |       |     1 |       |       ||     1
  Eat: Chunk             |     3 |     3 |    14 |    18 |    35 |    14 ||    87
       Beef jerky        |       |       |     1 |       |       |     1 ||     2
       Pizza             |       |       |       |     1 |       |     1 ||     2
       Bread ration      |       |       |       |       |     2 |       ||     2
       Royal jelly       |       |       |       |       |     1 |     1 ||     2
       Meat ration       |       |       |       |       |     1 |       ||     1
